 Dungeon Crawl Stone Soup version 0.28-a0-479-g5baa6b73be (webtiles) character file.

Game seed: 1460767251188065770

90 TrogsFancyHat the Chopper (level 4, 0/41 HPs)
             Began as a Hill Orc Monk on Sept 17, 2021.
             Succumbed to a gnoll's poison
             ... on level 3 of the Dungeon.
             The game lasted 00:02:45 (1632 turns).

TrogsFancyHat the Chopper (Hill Orc Monk)           Turns: 1632, Time: 00:02:46

Health: 0/41       AC:  5    Str: 14    XL:     4   Next: 56%
Magic:  4/4        EV: 11    Int: 10    God:
Gold:   25         SH:  0    Dex: 13    Spells: 3/3 levels left

rFire   . . .      SeeInvis .   c - +0 war axe
rCold   . . .      Faith    .   (no shield)
rNeg    . . .      Spirit   .   f - +0 ring mail
rPois   .          Reflect  .   (no helmet)
rElec   .          Harm     .   (no cloak)
rCorr   .          Rampage  .   (no gloves)
Will    .....                   (no boots)
Stlth   +.........              (no amulet)
HPRegen 0.13/turn               (no ring)
MPRegen 0.09/turn               (no ring)

@: lethally poisoned (0 -> -14)
A: no striking features
a: no special abilities


You were on level 3 of the Dungeon.
You visited 1 branch of the dungeon, and saw 3 of its levels.

You collected 25 gold pieces.

Inventory:

Hand Weapons
 c - a +0 war axe (weapon)
Armour
 f - a +0 ring mail (worn)
Scrolls
 d - a scroll of silence {unknown}
 e - a scroll of fear {unknown}
 g - 7 scrolls of identify {unknown}
 h - 2 scrolls of teleportation {unknown}
Potions
 a - a potion of attraction {unknown}
 b - 2 potions of heal wounds {unknown}


   Skills:
 + Level 4.6 Fighting
 + Level 5.1 Axes
 + Level 3.1 Dodging
 - Level 1.5 Stealth


You had 3 spell levels left.
You didn't know any spells.
Your spell library contained the following spells:

 Spells                   Type           Power      Damage    Failure   Level
 Corpse Rot               Necr/Air       N/A        N/A       75%         2
 Poisonous Vapours        Pois/Air       0%         N/A       75%         2


Dungeon Overview and Level Annotations

Branches:
Dungeon (3/15)

Altars:

Annotations:
D:2 Sigmund


Message History

The kobold is moderately wounded.
You hit the gnoll. The gnoll barely misses you.
The kobold hits you with a +0 whip. The gnoll hits you with a +0 club.
You barely miss the gnoll.
The gnoll is heavily wounded.
You miss the kobold. You hit the gnoll. You barely miss the gnoll.
The kobold hits you with a +0 whip! The gnoll closely misses you. x2
The gnoll hits you with a +0 flail.
You hit the gnoll but do no damage.
The gnoll is heavily wounded.
You hit the gnoll. x2; You hit the kobold.
You kill the kobold!
The gnoll misses you.
The gnoll hits you with a +0 whip of venom.
The gnoll hits you but does no damage.
You completely miss the gnoll.
The gnoll is heavily wounded.
You slash the gnoll! You barely miss the gnoll. You closely miss the gnoll.
The gnoll hits you with a +0 club!
The gnoll hits you with a +0 whip of venom!
* * * LOW HITPOINT WARNING * * *
You are lethally poisoned!
The gnoll misses you. The gnoll hits you with a +0 flail!
* * * LOW HITPOINT WARNING * * *
You are too injured to fight recklessly!
You are too injured to fight recklessly!
You are too injured to fight recklessly!
You are too injured to fight recklessly!
You are too injured to fight recklessly!
You are too injured to fight recklessly!
You are too injured to fight recklessly!
You are too injured to fight recklessly!
You are too injured to fight recklessly!
You are too injured to fight recklessly!
You are too injured to fight recklessly!
You are too injured to fight recklessly!
You are too injured to fight recklessly!
You are too injured to fight recklessly!
You are too injured to fight recklessly!
You die...

###.#.# ##...#
#...## ####.#.#
# ####....#..#
##.####
#....#####.#
.?..... #.####
.# ......g###.#
.# ......g.@..#
.# ......gg....#
.......####...).
.###### #####


You could see 4 gnolls.

Vanquished Creatures
  4 gnolls
  An adder (D:2)
  A worm (D:3)
  A dart slug (D:3)
  4 bats
  2 endoplasms
  2 giant cockroaches
  4 goblins
  4 hobgoblins
  A jackal (D:1)
  6 ball pythons
  4 frilled lizards
  3 kobolds
  3 rats
40 creatures vanquished.

Notes
Turn   | Place    | Note
-------+----------+-------------------------------------------
     0 | D:1      | TrogsFancyHat the Hill Orc Monk began the quest for the
                  | Orb.
     0 | D:1      | Reached XP level 1. HP: 19/19 MP: 1/1
   425 | D:1      | Reached XP level 2. HP: 16/27 MP: 2/2
   786 | D:1      | Reached XP level 3. HP: 33/33 MP: 3/3
   946 | D:1      | Found a faded altar of an unknown god.
  1231 | D:2      | Noticed Sigmund
  1339 | D:3      | Reached XP level 4. HP: 35/41 MP: 4/4
  1349 | D:3      | Reached skill level 5 in Axes
  1632 | D:3      | Succumbed to a gnoll's poison

Illustrated notes

Levels and vault maps discovered:
D:1:      kilobyte_arrival_exit_the_forest, layout_rooms,
          shapermc_ecumenical_altar_notcrosses, serial_glass, glass_columns_b,
          glass_columns_c, feat_on_display, feat_on_display, fountainhead,
          st_stairs_14
D:2:      layout_basic, uniq_sigmund
D:3:      layout_rooms

Skill      XL: |  1  2  3  4 |
---------------+-------------+-----
Fighting       | 4 |  4.6
Dodging        | 3 |  3.1
Axes           | 5 |  5.1
Stealth        | |  1.5

Action                   |  1- 3 |  4- 6 || total
-------------------------+-------+-------++-------
Melee: Hand axe          |    38 |       ||    38
       War axe           |    37 |    25 ||    62
 Stab: Sleeping          |     3 |       ||     3
Armor: Robe              |    11 |       ||    11
       Ring mail         |    24 |     5 ||    29
Dodge: Dodged            |    84 |    24 ||   108

Table legend: (Time is in decaauts)
 A = Elapsed time spent in this place.
 B = Non-inter-level travel time spent in this place.
 C = Inter-level travel time spent in this place.
 D = Time resting spent in this place.
 E = Time spent auto-exploring this place.
 F = Levels seen in this place.
 G = Mean time per level.
                   A        B        C        D        E       F      G
               +--------+--------+--------+--------+--------+-----+--------+
         Total |   1658 |   1591 |     67 |      0 |   1239 |   3 |  552.7 |
       Dungeon |   1658 |   1591 |     67 |      0 |   1239 |   3 |  552.7 |
               +--------+--------+--------+--------+--------+-----+--------+

Top non-repeatable levels by time:
     D:1: 1170 daAuts
     D:3: 330 daAuts
     D:2: 158 daAuts
